← All builds
Suicide front / Cortex / Economy first / OBSERVED BUILD

Standard suicide front

Cortex Suicide front build order · Supreme Isthmus

The role's baseline: bot lab first, economy expands through the first minutes, and Thugs with Aggravators and Grunts carry the fight to the middle as T2 approaches.

#eco #defence · 422 distinct matches · 79 players · 70% of Cortex Suicide front games · team won 51% of 438 · Recently observed

HOW TO PLAY IT

Key timing: Bot Lab by 0:34

  1. Take 3 mex, then rush a Bot Lab immediately for early army.
  2. Finish Bot Lab, start pumping Thug, Grunt and Aggravator.
  3. Push units to middle to contest and secure reclaim early.
  4. Add Advanced Metal Extractor to keep economy scaling with the fight.
  5. Hold middle with bots until T2 reinforcements arrive from Geo.

Phase by phase

TYPICAL OF ITS 422 GAMES
  1. 1
  2. 2
  3. 3
PLAY THE OPENING

Follow the example game's first 6:00 step by step: what to build now, what comes next, and where it goes. At 1× it keeps pace with your own game.

  1. 1

    Up to the Bot Lab

    Economy
    • Metal Extractor1Mex
    Order
    1. Bot LabBot Lab after 1 mexdone ~0:34, middle half 0:27–0:44

    By 0:18 in all: 1 mex

    The example game in this phase · 2 steps
    1. Mex ×3
    2. Bot LabBot Labdone 0:44 · typical 0:34
  2. 2

    Bot Lab to 5:00

    Economy
    • Metal Extractor4Mex
    • Wind Turbine3Wind
    Builders
    • Graverobber4 Graverobber
    • Construction Bot3 Con bot
    Army
    • Guard3 Guard
    • Thug15 Thug
    • Grunt3 Grunt
    Other
    • Radar Tower1 Radar Tower

    Some games also: aggravator (50%)

    By 5:00 in all: 5 mex · 3 wind

    The example game in this phase · 23 steps
    1. GruntGrunt ×2
    2. GraverobberGraverobber ×2
    3. Construction BotCon bot
    4. ThugThug ×4
    5. GraverobberGraverobber
    6. Mex
    7. ThugThug
    8. Wind
    9. ThugThug ×3
    10. GraverobberGraverobber
    11. Mex
    12. ThugThug ×4
    13. GuardGuard
    14. GraverobberGraverobber
    15. ThugThug ×4
    16. GraverobberGraverobber
    17. Wind ×2
    18. ThugThug ×3
    19. IncisorIncisor
    20. ThugThug
    21. GraverobberGraverobber
    22. BruteBrute
    23. ThugThug ×2
  3. 3

    5:00 to 10:00

    Economy
    • Metal Extractor1Mex
    • Wind Turbine14Wind
    Builders
    • Construction Turret2 Con turret
    • Graverobber2 Graverobber
    • Construction Bot1 Con bot
    Army
    • Guard1 Guard
    • Thug5 Thug
    • Grunt3 Grunt

    Some games also: aggravator (50%) · energy storage (48%) · Radar Tower (42%) · Twin Guard (32%)

    By 10:00 in all: 6 mex · 18 wind · 1 energy storage · 2 con turret

    The example game in this phase · 61 steps
    1. ThugThug ×2
    2. GraverobberGraverobber
    3. ThugThug ×2
    4. Twin GuardTwin Guard
    5. ThugThug
    6. GraverobberGraverobber
    7. ThugThug
    8. GraverobberGraverobber
    9. Construction BotCon bot ×2
    10. Mex
    11. ThugThug ×5
    12. GraverobberGraverobber
    13. ThugThug
    14. Wind
    15. ThugThug ×3
    16. GraverobberGraverobber
    17. ThugThug
    18. Wind
    19. ThugThug ×4
    20. Wind
    21. ThugThug ×2
    22. Wind
    23. ThugThug ×2
    24. Wind
    25. Wind
    26. ThugThug ×2
    27. Wind
    28. ThugThug
    29. Wind
    30. ThugThug
    31. Wind
    32. ThugThug ×2
    33. Wind
    34. ThugThug
    35. Wind
    36. ThugThug
    37. Wind
    38. ThugThug ×2
    39. Wind
    40. Wind
    41. ThugThug
    42. Wind
    43. ThugThug ×2
    44. Wind
    45. Wind
    46. ThugThug
    47. Wind
    48. ThugThug
    49. Energy storage
    50. Mex
    51. Radar TowerRadar Tower
    52. Wind
    53. Wind
    54. ThugThug
    55. Wind
    56. Advanced Metal ExtractorT2 mexnot finished by 15:00 · typical 9:42
    57. ThugThug
    58. Wind
    59. Wind
    60. ThugThug
    61. Wind

Counts are medians over the build's games: half of them build more, half fewer. The example game is XXMACGAMERXX's (35 OS, 01/10/2026); pick another.

Team trades

IN AT LEAST 30% OF ITS GAMES

You hand over

Nothing regular.

You get

  • Tidal Generator4 Tidal from Pondfirst at 0:11 · in 69% of games
  • Advanced Construction Bot1 T2 con bot from Geo or Techfirst at 7:37 · in 57% of games

How it plays out

Typical game of this build, running totals by minute

Metal produced

010k20k
0:005:0010:0015:00

metal

Enemy metal destroyed

05k10k
0:005:0010:0015:00

metal

Own metal lost

05k10k15k
0:005:0010:0015:00

metal

438 games.

Show as table
ByMetal produced: This buildEnemy metal destroyed: This buildOwn metal lost: This build
1:0028500
2:0097000
3:002069195133
4:003161685638
5:00430816561425
6:00553625612419
7:00674535823533
8:00792945134525
9:00919452115491
10:001046559036310
11:001201763667124
12:001361268427999
13:001523475068807
14:001702082639520
15:0018420887210297
WHAT THE NUMBERS SAY

This is the role's baseline aggressive job, winning half its games while both dealing and taking heavy metal losses fighting at middle.

  • + Fastest Bot Lab of any role (0:34), gets units fighting almost immediately.
  • + Destroys 8805 enemy metal by 15:00 through constant middle pressure.
  • − Loses 10461 own metal by 15:00, more than it destroys.
  • − Metal production lags behind other front role at 18297 by 15:00.
THE EXAMPLE YOU ARE READING

XXMACGAMERXX

35.3 OS · 01/10/2026

Open source match ↗

13 received units · includes a constructor
269 metal received · 16014 energy received

Allied construction assistance is unknown. Timings are observations, not a promise of solo reproducibility.

Typical milestones

Bot Lab0:34Middle 50%: 0:27–0:44 · n=434
Advanced Metal Extractor9:42Middle 50%: 8:47–10:57 · n=284

Played most by

_X_64games of this build_Hawkey_48games of this buildImmort30games of this buildGuiTou25games of this buildViltrum23games of this build
Standard suicide front · Cortex Suicide front build order · BAR Build Atlas